 Dungeon Crawl Stone Soup version 0.27-a0-492-ga4bb394fd4 (webtiles) character file.

Game seed: 3343232508200209451

40 Nattfarinn the Insei (level 3, 0/23 HPs)
             Began as an Octopode Transmuter on Mar 2, 2021.
             Slain by an orc
             ... wielding a +0 whip
              (4 damage)
             ... on level 3 of the Dungeon.
             The game lasted 00:01:56 (1873 turns).

Nattfarinn the Insei (Octopode Transmuter)          Turns: 1873, Time: 00:01:57

Health: 0/23       AC:  1    Str:  9    XL:     3   Next: 50%
Magic:  0/6        EV: 13    Int: 16    God:
Gold:   73         SH:  0    Dex: 12    Spells: 2/6 levels left

rFire    . . .     SeeInvis .     - Unarmed
rCold    . . .     Faith    .   (no shield)
rNeg     . . .     Spirit   .   (helmet restricted)
rPois    .         Reflect  .   (no amulet)
rElec    .         Harm     .   (no ring)
rCorr    .         Rampage  .   (no ring)
Will     .....                  (no ring)
Stlth    ++........             (no ring)
HPRegen  0.07/turn              (no ring)
MPRegen  0.10/turn              (no ring)
                                (no ring)
                                (no ring)

@: brilliant, very slightly contaminated
A: almost no armour, stealthy swim, amphibious, 8 rings, constrict 8, camouflage
1, gelatinous body 1
a: no special abilities


You were on level 3 of the Dungeon.
You visited 1 branch of the dungeon, and saw 3 of its levels.

You collected 73 gold pieces.

Inventory:

Scrolls
 a - a scroll of noise {unknown}
 b - a scroll of teleportation {unknown}
 m - a scroll of magic mapping {unknown}
Potions
 e - a potion of degeneration {unknown}
 f - a potion of berserk rage {unknown}
 g - a potion of resistance {unknown}
 h - a potion of attraction {unknown}
 i - a potion of ambrosia {unknown}
 j - 2 potions of flight {unknown}
 k - 2 potions of lignification {unknown}
 l - a potion of might {unknown}


   Skills:
 - Level 1.0 Fighting
 - Level 2.0 Dodging
 * Level 4.0 Unarmed Combat
 - Level 2.0 Spellcasting
 + Level 2.6 Transmutations


You had 2 spell levels left.
You knew the following spells:

 Your Spells              Type           Power        Failure   Level
a - Beastly Appendage     Tmut           30%          7%          1
b - Spider Form           Tmut/Pois      4%           36%         3

Your spell library contained the following spells:

 Spells                   Type           Power        Failure   Level
 Wereblood                Tmut           15%          11%         2
 Ice Form                 Ice/Tmut       8%           77%         4
 Blade Hands              Tmut           7%           89%         5


Dungeon Overview and Level Annotations

Branches:
Dungeon (3/15)

Altars:


Innate Abilities, Weirdness & Mutations

You cannot wear most types of armour.
You are very stealthy in the water. (Stealth+)
You are amphibious.
You can wear up to eight rings at the same time.
You can use your tentacles to constrict eight enemies at once.
Your skin changes colour to match your surroundings (Stealth+).
Your rubbery body absorbs attacks. (AC +1, EV +1)


Message History

You squeeze the orc, but do no damage. The orc hits you with a +0 hand axe.
Unknown command.
Cast which spell? (? or * to list)
The spell is extremely dangerous to cast (36% risk of failure)!
Continue anyway?
You miscast Spider Form.
You are very lightly contaminated with residual magic.
You feel incredibly sick!
You are poisoned.
* * * LOW HITPOINT WARNING * * *
x2 You feel sick.
The orc hits you with a +0 hand axe.
* * * LOW HITPOINT WARNING * * *
The orc hits you but does no damage.
The orc wizard hits you with a +0 dagger.
* * * LOW HITPOINT WARNING * * *
It was a potion of curing.
You feel better. The orc completely misses you. The orc closely misses you.
The orc wizard hits you with a +0 dagger.
* * * LOW HITPOINT WARNING * * *
The orc wizard points at itself and mumbles some strange words.
The orc wizard flickers and vanishes!
Deactivating autopickup; reactivate with Ctrl-A.
Casting: Spider Form (extremely dangerous; 36% risk of failure)
Confirm with . or Enter, or press ? or * to list all spells.
The spell is extremely dangerous to cast (36% risk of failure)!
Continue anyway?
You miscast Spider Form.
Nothing appears to happen.
The orc hits you with a +0 whip.
* * * LOW HITPOINT WARNING * * *
An orc wizard comes into view. It is wielding a +0 dagger.
You feel better. The orc hits you with a +0 whip.
* * * LOW HITPOINT WARNING * * *
The orc wizard shouts!
You tentacle-slap the orc. You grab the orc.
The orc is lightly wounded.
You constrict the orc, but do no damage.
The orc barely misses you.
It was a potion of brilliance.
You feel clever all of a sudden.
You constrict the orc, but do no damage.
The orc hits you with a +0 whip.
You die...

............#..#.#
...######+#..<.#.#
#### #..#.#.#
#..#.#.# #..#.#.#
#.# #.# #.# #.
#@#####
#.##.###o#...
#.....)o.#.#
####...o...#
#.......#
+.......#
#.......#
#.......#
#.......#


You could see an orc wizard and 2 orcs.

Vanquished Creatures
  An adder (D:2)
  A leopard gecko (D:1)
  An orc (D:3)
  2 giant cockroaches (D:1)
  4 goblins
  3 hobgoblins
  2 kobolds (D:1)
  8 bats
  5 frilled lizards
  5 rats
32 creatures vanquished.

Notes
Turn   | Place    | Note
-------+----------+-------------------------------------------
     0 | D:1      | Nattfarinn the Octopode Transmuter began the quest for the
                  | Orb.
     0 | D:1      | Reached XP level 1. HP: 13/13 MP: 3/3
   203 | D:1      | Reached XP level 2. HP: 18/18 MP: 5/5
   676 | D:2      | Reached XP level 3. HP: 15/23 MP: 6/6
   680 | D:2      | Learned a level 3 spell: Spider Form
  1341 | D:2      | Reached skill level 4 in Unarmed Combat
  1866 | D:3      | HP: 1/23 [orc wizard/+0 dagger (2)]
  1873 | D:3      | Slain by an orc

Illustrated notes

Levels and vault maps discovered:
D:1:      wander_arrival_peaceful_grave, layout_basic
D:2:      layout_loops_corners, hex_large
D:3:      layout_basic, makhleb_altar_promises_db

Skill      XL: |  1  2  3 |
---------------+----------+-----
Unarmed Combat | 4 |  4.0
Fighting       | |  1.0
Dodging        | |  2.0
Spellcasting   | |  2.0
Transmutations | |  2.6

Action                   || total
-------------------------++-------
Melee: Unarmed           ||    75
       Constrict         ||    18
       Punch             ||     2
       Tentacles         ||    10
  Use: Potion            ||     3
 Stab: Sleeping          ||     6
Armor: Skin              ||     4
Dodge: Dodged            ||    51

Table legend: (Time is in decaauts)
 A = Elapsed time spent in this place.
 B = Non-inter-level travel time spent in this place.
 C = Inter-level travel time spent in this place.
 D = Time resting spent in this place.
 E = Time spent auto-exploring this place.
 F = Levels seen in this place.
 G = Mean time per level.
                   A        B        C        D        E       F      G
               +--------+--------+--------+--------+--------+-----+--------+
         Total |   1868 |   1789 |     79 |      0 |   1599 |   3 |  622.7 |
       Dungeon |   1868 |   1789 |     79 |      0 |   1599 |   3 |  622.7 |
               +--------+--------+--------+--------+--------+-----+--------+

Top non-repeatable levels by time:
     D:2: 1063 daAuts
     D:1: 598 daAuts
     D:3: 206 daAuts
